 Dungeon Crawl Stone Soup version 0.31-a0-667-g39726597b9 (webtiles) character file.

Game seed: 7840069785607955339

694 garrulousMonolith the Sneak (level 7, -5/34 HPs)
             Began as a Spriggan Enchanter on Sept 3, 2023.
             Slain by Pikel
             ... wielding a +2 whip of freezing
              (10 damage)
             ... on level 5 of the Dungeon.
             The game lasted 00:09:23 (4528 turns).

garrulousMonolith the Sneak (Spriggan Enchanter)    Turns: 4528, Time: 00:09:24

Health: -5/34      AC:  3    Str:  4    XL:     7   Next: 37%
Magic:  6/14       EV: 19    Int: 18    God:
Gold:   268        SH:  0    Dex: 16    Spells: 4/15 levels left

rFire   . . .        a - +1 dagger
rCold   . . .        (no shield)
rNeg    . . .        b - +0 robe
rPois   .            (helmet restricted)
rElec   .            d - +0 cloak
rCorr   .            (gloves unavailable)
SInv    +            (boots unavailable)
Will    +....        (no amulet)
Stlth   +++          (no ring)
HPRegen 0.25/turn    (no ring)
MPRegen 0.14/turn

%: no passive effects
@: invisible, very quick
A: very small, no large weapons, unfitting armour, see invisible, speed 3
a: no special abilities


You were on level 5 of the Dungeon.
You visited 1 branch of the dungeon, and saw 5 of its levels.

You collected 268 gold pieces.

Inventory:

Hand Weapons
 a - a +1 dagger (weapon)
 i - a +0 orcbow
 m - a +0 rapier
Missiles
 f - 4 poisoned darts
Armour
 b - a +0 robe (worn)
 d - a +0 cloak (worn)
Magical Staves
 e - a staff of cold
Jewellery
 h - a ring of fire
 u - an amulet of reflection
Talismans
 w - a maw talisman
Scrolls
 g - a scroll of enchant armour {unknown}
 j - a scroll of identify
 n - a scroll of immolation {unknown}
 r - a scroll of noise
 s - a scroll of torment {unknown}
 t - a scroll of brand weapon {unknown}
 v - a scroll of amnesia {unknown}
Potions
 c - 2 potions of invisibility
 k - 2 potions of mutation {unknown}
 l - a potion of magic {unknown}
 o - a potion of degeneration {unknown}
 p - 2 potions of haste {unknown}
 q - a potion of heal wounds {unknown}


   Skills:
 + Level 1.9 Fighting
 + Level 3.6 Short Blades
 + Level 5.0 Dodging
 + Level 6.7 Stealth
 + Level 4.5 Spellcasting
 * Level 6.1 Hexes


You had 4 spell levels left.
You knew the following spells:

 Your Spells              Type           Power      Damage    Failure   Level
a - Ensorcelled Hibernat  Hex/Ice        30%        N/A       6%          2
b - Confusing Touch       Hex            26%        N/A       3%          3
c - Tukima's Dance        Hex            26%        N/A       3%          3
d - Dazzling Flash        Conj/Hex       30%        N/A       12%         3

Your spell library contained the following spells:

 Spells                   Type           Power      Damage    Failure   Level
 Necrotise                Necr           16%        1d4       14%         1
 Vampiric Draining        Necr           4%         2d6       38%         3
 Volatile Blastmotes      Fire/Tloc      8%         2d10      38%         3
 Agony                    Necr           4%         N/A       98%         5
 Starburst                Conj/Fire      2%         6d3       100%        6
 Maxwell's Capacitive Co  Air            2%         ∞         100%        8


Dungeon Overview and Level Annotations

Branches:
Dungeon (5/15)
 Temple: D:4-7

Altars:

Shops:
D:3 :

Annotations:
D:5 Pikel


Innate Abilities, Weirdness & Mutations

You are very small and have problems with some larger weapons.
You are too small for most types of armour.
You have supernaturally acute eyesight. (SInv)
You cover ground extremely quickly. (Speed+++)


Message History

Pikel shouts!
The orc shouts!
You hear a shout!
A lemure comes into view.
Casting: Ensorcelled Hibernation (safe; 6% risk of failure)
Confirm with . or Enter, or press ? or * to list all spells.
Aiming: Ensorcelled Hibernation (safe; 6% risk of failure)
Press: ? - help, Shift-Dir - straight line, f - orc
Aim: an orc, wielding a +0 short sword and wearing a +0 leather armour (wandering, hasn't noticed you, chance to affect: 66%) Pikel is unaffected.
The lemure shouts!
The orc shouts!
An orc comes into view. It is wielding a +0 hand axe.
Pikel hits you with a +2 whip of freezing!
Pikel freezes you.
Casting: Ensorcelled Hibernation (safe; 6% risk of failure)
Confirm with . or Enter, or press ? or * to list all spells.
Aiming: Ensorcelled Hibernation (safe; 6% risk of failure)
Press: ? - help, Shift-Dir - straight line, f/p - orc
Aim: an orc, wielding a +0 short sword and wearing a +0 leather armour (chance to affect: 66%) Pikel is unaffected.
Pikel barely misses you.
Casting: Ensorcelled Hibernation (safe; 6% risk of failure)
Confirm with . or Enter, or press ? or * to list all spells.
Aiming: Ensorcelled Hibernation (safe; 6% risk of failure)
Press: ? - help, Shift-Dir - straight line, f/p - orc
Aim: an orc, wielding a +0 short sword and wearing a +0 leather armour (chance to affect: 66%) Pikel is unaffected.
Pikel hits you with a +2 whip of freezing.
Pikel freezes you.
Casting: Ensorcelled Hibernation (safe; 6% risk of failure)
Confirm with . or Enter, or press ? or * to list all spells.
Aiming: Ensorcelled Hibernation (safe; 6% risk of failure)
Press: ? - help, Shift-Dir - straight line, f/p - orc
Aim: an orc, wielding a +0 short sword and wearing a +0 leather armour (chance to affect: 66%) Pikel is unaffected.
Pikel hits you with a +2 whip of freezing!
* * * LOW HITPOINT WARNING * * *
Pikel freezes you.
* * * LOW HITPOINT WARNING * * *
You fade into invisibility!
Pikel hits you with a +2 whip of freezing!
You die...
Pikel says, "Another soul for the market."

##.######## ##.##
#...####.## #.#
#.#....(..# #.#
#...####.## #5#
##### #.# ... #.#
5.... ## #.#
5......
##...#.##o.o......
#......@Ko5.......+
##...#.##o........#
##.##.# ..... #..
..# $... #. ####
... # '# #


You could see Pikel (unable to see you), 4 lemures and 4 orcs.

Vanquished Creatures
  3 black bears
  A bullfrog (D:4)
  A scorpion (D:5)
  3 hounds
  Crazy Yiuf (D:4)
  An orc priest (D:4)
  5 adders
  3 worms
  3 dart slugs
  10 orcs
  7 bats
  6 endoplasms
  A giant cockroach (D:2)
  7 goblins
  12 hobgoblins
  6 kobolds
  2 quokkas
  6 ball pythons
  A frilled lizard (D:3)
  7 rats
86 creatures vanquished.

Notes
Turn   | Place    | Note
-------+----------+-------------------------------------------
     0 | D:1      | garrulousMonolith the Spriggan Enchanter began the quest
                  | for the Orb.
     0 | D:1      | Reached XP level 1. HP: 9/9 MP: 5/5
   247 | D:1      | Reached XP level 2. HP: 11/13 MP: 6/6
   264 | D:1      | Learned a level 2 spell: Ensorcelled Hibernation
   845 | D:2      | Reached XP level 3. HP: 14/16 MP: 2/8
   849 | D:2      | Learned a level 3 spell: Confusing Touch
   993 | D:2      | Reached skill level 5 in Stealth
  1048 | D:2      | Found a faded altar of an unknown god.
  1493 | D:2      | Learned a level 3 spell: Tukima's Dance
  1571 | D:3      | Reached XP level 4. HP: 21/21 MP: 2/10
  1674 | D:3      | Found Farod's Book Emporium.
  3048 | D:4      | Reached XP level 5. HP: 23/25 MP: 8/11
  3535 | D:4      | Noticed a black bear
  3582 | D:4      | Found a runed translucent door.
  3583 | D:4      | Noticed Crazy Yiuf
  3740 | D:4      | Reached skill level 1 in Fighting
  3740 | D:4      | Reached skill level 5 in Hexes
  3740 | D:4      | Reached XP level 6. HP: 17/30 MP: 1/12
  3962 | D:4      | Killed Crazy Yiuf
  4020 | D:5      | Entered Level 5 of the Dungeon
  4276 | D:5      | Reached XP level 7. HP: 33/33 MP: 9/14
  4322 | D:5      | Noticed Pikel
  4445 | D:4      | Reached skill level 5 in Dodging
  4501 | D:4      | Learned a level 3 spell: Dazzling Flash
  4528 | D:5      | Slain by Pikel

Illustrated notes

Levels and vault maps discovered:
D:1:      lemuel_arrival_broad_hall, layout_basic
D:2:      layout_rooms, dreamdust_ecumenical_altar_grove, dk_vineyard_1,
          minmay_misc_feat_five, minmay_split_cup_small
D:3:      layout_loops_corners, serial_shops, nicolae_diamond_shop
D:4:      layout_basic, serial_glass, glass_columns_a, glass_columns_a,
          glass_columns_a, glass_columns_a, glass_columns_b, glass_columns_c,
          glass_columns_b, glass_columns_c, glass_columns_b, glass_columns_b,
          glass_columns_c, glass_columns_c, glass_columns_b, glass_columns_a,
          uniq_crazy_yiuf_cottage
D:5:      wad_crossroads, layout_loops_corners, uniq_pikel

Skill      XL: |  1  2  3  4  5  6  7 |
---------------+----------------------+-----
Dodging        | 3 4 5 |  5.0
Spellcasting   | 3 4 |  4.5
Hexes          | 4 5 6 |  6.1
Stealth        | 5 6 |  6.7
Short Blades   | 2 3 |  3.6
Fighting       | 1 |  1.9

Action                     |  1- 3 |  4- 6 |  7- 9 || total
---------------------------+-------+-------+-------++-------
  Melee: Dagger            |   116 |    96 |     2 ||   214
         Punch             |     1 |       |       ||     1
   Cast: Ensorcelled Hiber |    31 |    53 |     8 ||    92
         Confusing Touch   |       |     1 |       ||     1
    Use: Scroll            |       |     4 |       ||     4
         Potion            |       |       |     1 ||     1
   Stab: Sleeping          |    27 |    41 |     2 ||    70
         Confused          |       |     1 |       ||     1
 Armour: Robe              |    43 |    35 |     5 ||    83
  Dodge: Dodged            |   121 |    81 |     3 ||   205

Table legend: (Time is in decaauts)
 A = Elapsed time spent in this place.
 B = Non-inter-level travel time spent in this place.
 C = Inter-level travel time spent in this place.
 D = Time resting spent in this place.
 E = Time spent auto-exploring this place.
 F = Levels seen in this place.
 G = Mean time per level.
                   A        B        C        D        E       F      G
               +--------+--------+--------+--------+--------+-----+--------+
         Total |   3584 |   3527 |     57 |    916 |   1961 |   5 |  716.8 |
       Dungeon |   3584 |   3527 |     57 |    916 |   1961 |   5 |  716.8 |
               +--------+--------+--------+--------+--------+-----+--------+

Top non-repeatable levels by time:
     D:4: 1076 daAuts
     D:3: 1037 daAuts
     D:2: 712 daAuts
     D:1: 459 daAuts
     D:5: 298 daAuts
